 Dungeon Crawl Stone Soup version 0.27.1-2-g3b301248ec (webtiles) character file.

Game seed: 11394016349107066408

123 NFM the Chopper (level 5, 0/46 HPs)
             Began as a Hill Orc Fighter on Sept 23, 2021.
             Slain by Ijyb (4 damage)
             ... on level 3 of the Dungeon.
             The game lasted 00:03:16 (1908 turns).

NFM the Chopper (Hill Orc Fighter)                  Turns: 1908, Time: 00:03:17

Health: 0/46       AC:  3    Str: 20    XL:     5   Next: 7%
Magic:  5/5        EV: 10    Int:  8    God:
Gold:   46         SH:  6    Dex: 10    Spells: 4/4 levels left

rFire    . . .     SeeInvis .   a - +0 war axe
rCold    . . .     Faith    .   f - +2 buckler
rNeg     . . .     Spirit   .   b - +0 scale mail
rPois    .         Reflect  .   (no helmet)
rElec    .         Harm     .   (no cloak)
rCorr    .         Rampage  .   (no gloves)
Will     .....                  (no boots)
Stlth    ..........             (no amulet)
HPRegen  0.15/turn              (no ring)
MPRegen  0.09/turn              (no ring)

@: corroded
A: no striking features
a: no special abilities


You were on level 3 of the Dungeon.
You visited 1 branch of the dungeon, and saw 3 of its levels.

You collected 46 gold pieces.

Inventory:

Hand Weapons
 a - a +0 war axe (weapon)
Armour
 b - a +0 scale mail (worn)
 c - a +0 kite shield
 f - a +2 buckler (worn)
Scrolls
 e - a scroll of blinking {unknown}
 g - a scroll of amnesia {unknown}
 i - a scroll of enchant weapon {unknown}
Potions
 d - 3 potions of might
 h - a potion of flight {unknown}


   Skills:
 + Level 4.2 Fighting
 + Level 4.5 Axes
 + Level 4.0 Armour
 + Level 0.9 Dodging
 + Level 3.8 Shields


You had 4 spell levels left.
You didn't know any spells.
Your spell library was empty.

Dungeon Overview and Level Annotations

Branches:
Dungeon (2/15)

Altars:
Gozag

Annotations:
D:3 Ijyb


Message History

The quokka is almost dead.
The quokka bites you but does no damage.
The quokka barely misses you.
You miss the quokka.
The quokka is almost dead.
The quokka barely misses you.
You miss the quokka.
The quokka is almost dead.
The quokka bites you but does no damage.
You barely miss the quokka.
The quokka is almost dead.
The quokka closely misses you.
The quokka bites you but does no damage.
You slash the quokka!
You kill the quokka!
You start resting.
HP restored.
Ijyb the Twisted Goblin comes into view.
She is wielding a +0 dagger and carrying a wand of acid (8).
Ijyb shouts!
Ijyb barely misses you.
You hit Ijyb but do no damage. Ijyb hits you but does no damage.
You block Ijyb's attack.
You hit Ijyb but do no damage. You block Ijyb's attack.
You closely miss Ijyb.
Ijyb zaps a wand.
The bolt of acid hits you. The acid corrodes you!
You are splashed with acid!
You hit Ijyb but do no damage. Ijyb hits you but does no damage.
You hit Ijyb.
Ijyb is moderately wounded.
Ijyb hits you with a +0 dagger. You block Ijyb's attack.
You closely miss Ijyb.
Ijyb is moderately wounded.
Ijyb hits you with a +0 dagger.
You hit Ijyb but do no damage.
Ijyb is moderately wounded.
Ijyb zaps a wand.
The bolt of acid hits you.
You are splashed with acid!
* * * LOW HITPOINT WARNING * * *
You barely miss Ijyb.
Ijyb is moderately wounded.
You block Ijyb's attack. Ijyb hits you with a +0 dagger.
You die...

... ..# #.# #.#
#.# # ######
#.# # .. ....#
#g# .##.###..#
#@# .....#..##
#.# #.#.#...##
#.#
#........####.#
#...........#
#......######
######.#...##
.......##.##
###########


You could see Ijyb.

Vanquished Creatures
  Jessica (D:3)
  Natasha (D:2)
  Terence (D:2)
  2 dart slugs
  3 ball pythons (D:1)
  A bat (D:1)
  4 endoplasms
  A giant cockroach (D:1)
  2 goblins (D:1)
  4 hobgoblins
  6 jackals (D:1)
  6 kobolds (D:1)
  2 quokkas
  2 frilled lizards (D:1)
  4 rats
40 creatures vanquished.

Notes
Turn   | Place    | Note
-------+----------+-------------------------------------------
     0 | D:1      | NFM the Hill Orc Fighter began the quest for the Orb.
     0 | D:1      | Reached XP level 1. HP: 19/19 MP: 1/1
    56 | D:1      | Reached XP level 2. HP: 4/27 MP: 2/2
   821 | D:1      | Reached XP level 3. HP: 33/33 MP: 3/3
  1225 | D:2      | Noticed Terence
  1228 | D:2      | Killed Terence
  1229 | D:2      | Reached XP level 4. HP: 33/40 MP: 4/4
  1294 | D:2      | Noticed Natasha
  1301 | D:2      | Killed Natasha
  1361 | D:2      | You fall into a shaft and drop 1 floor!
  1361 | D:3      | Noticed Jessica
  1386 | D:3      | Killed Jessica
  1387 | D:3      | Reached XP level 5. HP: 23/46 MP: 5/5
  1568 | D:3      | Found a faded altar of an unknown god.
  1684 | D:3      | Found an opulent altar of Gozag.
  1897 | D:3      | Noticed Ijyb
  1908 | D:3      | Slain by Ijyb

Illustrated notes

Levels and vault maps discovered:
D:1:      minmay_arrival_shoal_huts, layout_rooms, minmay_misc_feat_ornament
D:2:      layout_basic, hangedman_decor_slide_cut, uniq_terence, uniq_natasha
D:3:      layout_loops_ring, mainiacjoe_overflow_brackets,
          grunt_gozag_breadcrumbs, shapermc_ecumenical_altar_mp_urbaneastern,
          uniq_ijyb, uniq_robin, uniq_jessica

Skill      XL: |  1  2  3  4 |
---------------+-------------+-----
Axes           | 3 4 |  4.5
Fighting       | 4 |  4.2
Armour         | 4 |  4.0
Dodging        | |  0.9
Shields        | |  3.8

Action                   |  1- 3 |  4- 6 || total
-------------------------+-------+-------++-------
Melee: War axe           |    74 |    44 ||   118
Armor: Scale mail        |    43 |    10 ||    53
Dodge: Dodged            |    45 |    18 ||    63
Block: Kite shield       |    17 |       ||    17
       Buckler           |    35 |    15 ||    50
